 Dungeon Crawl Stone Soup version 0.30-a0-840-ga523dec638 (webtiles) character file.

Game seed: 5844615752003506861

93 retardedninja the Shield-Bearer (level 4, -7/41 HPs)
             Began as a Gnoll Fighter on Mar 1, 2023.
             Killed from afar by a white imp (8 damage)
             ... with a puff of frost
             ... summoned by Natasha
             ... on level 2 of the Dungeon.
             The game lasted 00:01:29 (1031 turns).

retardedninja the Shield-Bearer (Gnoll Fighter)     Turns: 1031, Time: 00:01:30

Health: -7/41      AC:  7    Str: 18    XL:     4   Next: 62%
Magic:  5/5        EV:  9    Int:  7    God:
Gold:   40         SH:  5    Dex: 11    Spells: 5/5 levels left

rFire   . . .      SeeInvis .    a - +0 flail
rCold   . . .      Faith    .    c - +0 buckler
rNeg    . . .      Spirit   .    b - +0 scale mail
rPois   .          Reflect  .    (no helmet)
rElec   .          Harm     .    (no cloak)
rCorr   .          Rampage  .    (no gloves)
Will    .....                    (no boots) Stlth
                                 (no amulet)
HPRegen 0.26/turn                (no ring)
MPRegen 0.09/turn                (no ring)

@: mighty
A: fangs 1, strong nose, distributed training
a: no special abilities


You were on level 2 of the Dungeon.
You visited 1 branch of the dungeon, and saw 2 of its levels.

You collected 40 gold pieces.

Inventory:

Hand Weapons
 a - a +0 flail (weapon)
Armour
 b - a +0 scale mail (worn)
 c - a +0 buckler (worn)
 j - a +0 cloak
Scrolls
 i - a scroll of teleportation {unknown}
Potions
 d - a potion of might
 f - 2 potions of heal wounds {unknown}
 g - a potion of haste {unknown}
 h - a potion of lignification {unknown}
 k - a potion of mutation {unknown}


   Skills:
 + Level 6.6 Fighting
 + Level 1.2 Short Blades
 + Level 1.2 Long Blades
 + Level 1.2 Axes
 + Level 4.7 Maces & Flails
 + Level 1.2 Polearms
 + Level 1.2 Staves
 + Level 1.2 Ranged Weapons
 + Level 1.2 Throwing
 + Level 6.6 Armour
 + Level 1.2 Dodging
 + Level 1.2 Stealth
 + Level 6.6 Shields
 + Level 1.2 Unarmed Combat
 + Level 1.2 Spellcasting
 + Level 1.0 Conjurations
 + Level 1.0 Hexes
 + Level 1.0 Summonings
 + Level 1.0 Necromancy
 + Level 1.0 Translocations
 + Level 1.0 Transmutations
 + Level 1.0 Fire Magic
 + Level 1.0 Ice Magic
 + Level 1.0 Air Magic
 + Level 1.0 Earth Magic
 + Level 1.0 Poison Magic
 + Level 1.3 Invocations
 + Level 1.2 Evocations


You had 5 spell levels left.
You didn't know any spells.
Your spell library contained the following spells:

 Spells                   Type           Power      Damage    Failure   Level
 Blink                    Tloc           2%         N/A       82%         2
 Lesser Beckoning         Tloc           2%         N/A       82%         2
 Momentum Strike          Conj/Tloc      2%         3d8       82%         2


Dungeon Overview and Level Annotations

Branches:
Dungeon (2/15)

Altars:

Annotations:
D:2 Natasha


Innate Abilities, Weirdness & Mutations

You have very sharp teeth.
Your uncanny sense of smell can sniff out nearby items.
Your experience applies equally to all skills.


Message History

You kill the ball python!
Natasha barely misses you. The white imp closely misses you.
It was a potion of curing.
You feel better. Natasha claws you. You block the white imp's attack.
You feel very mighty all of a sudden. You block Natasha's attack.
The white imp gestures at you. The puff of frost hits you!
* * * LOW HITPOINT WARNING * * *
You closely miss the white imp. Natasha claws you but does no damage.
The white imp hits you.
* * * LOW HITPOINT WARNING * * *
The white imp freezes you.
* * * LOW HITPOINT WARNING * * *
You feel better. Natasha claws you.
* * * LOW HITPOINT WARNING * * *
The white imp hits you but does no damage.
You feel better. Natasha casts a spell at you. The magic dart hits you!
* * * LOW HITPOINT WARNING * * *
The white imp barely misses you.
You feel better. Natasha barely misses you. The white imp barely misses you.
You sock the white imp!
The white imp is almost dead.
You block Natasha's attack. The white imp gestures at you.
The puff of frost hits you.
* * * LOW HITPOINT WARNING * * *
You closely miss Natasha. Your bite misses Natasha.
Natasha is heavily wounded.
You block Natasha's attack. The white imp completely misses you.
You barely miss Natasha.
Natasha is heavily wounded.
Natasha casts a spell at you. The magic dart hits you!
* * * LOW HITPOINT WARNING * * *
The white imp gestures at you. The puff of frost hits you!
You die...

#.# #......... #.#
#......... #.#
#......... #.#
#.......†) #.#
#.........
.######)#######.........
..............'.........
######.#######.........
.######@################
......h5.........#
........########.#######
........'.....<#........
........########........
........# #.....[......
........# #.#..........
############+#....†....#
#..............#


You could see Natasha and a white imp (summoned).

Vanquished Creatures
  A hound (D:2)
  Natasha (D:2)
  A dart slug (D:1)
  3 endoplasms
  2 giant cockroaches (D:1)
  A goblin (D:1)
  4 hobgoblins (D:1)
  3 jackals (D:1)
  A quokka (D:1)
  10 ball pythons
  4 bats (D:1)
  A frilled lizard (D:1)
  4 kobolds
  2 rats
38 creatures vanquished.

Notes
Turn   | Place    | Note
-------+----------+-------------------------------------------
     0 | D:1      | retardedninja the Gnoll Fighter began the quest for the
                  | Orb.
     0 | D:1      | Reached XP level 1. HP: 23/23 MP: 1/1
    86 | D:1      | Reached XP level 2. HP: 27/29 MP: 2/2
   450 | D:1      | Reached XP level 3. HP: 35/35 MP: 3/3
   766 | D:2      | Reached skill level 1 in Short Blades
   766 | D:2      | Reached skill level 1 in Long Blades
   766 | D:2      | Reached skill level 1 in Axes
   766 | D:2      | Reached skill level 1 in Polearms
   766 | D:2      | Reached skill level 1 in Staves
   766 | D:2      | Reached skill level 1 in Ranged Weapons
   766 | D:2      | Reached skill level 1 in Throwing
   766 | D:2      | Reached skill level 1 in Dodging
   766 | D:2      | Reached skill level 1 in Stealth
   766 | D:2      | Reached skill level 1 in Unarmed Combat
   766 | D:2      | Reached skill level 1 in Spellcasting
   766 | D:2      | Reached skill level 1 in Invocations
   766 | D:2      | Reached skill level 1 in Evocations
   766 | D:2      | Reached XP level 4. HP: 33/41 MP: 5/5
   900 | D:2      | Noticed Natasha
   907 | D:2      | Killed Natasha
   908 | D:2      | Reached skill level 1 in Conjurations
   908 | D:2      | Reached skill level 1 in Hexes
   908 | D:2      | Reached skill level 1 in Summonings
   908 | D:2      | Reached skill level 1 in Necromancy
   908 | D:2      | Reached skill level 1 in Translocations
   908 | D:2      | Reached skill level 1 in Transmutations
   908 | D:2      | Reached skill level 1 in Fire Magic
   908 | D:2      | Reached skill level 1 in Ice Magic
   908 | D:2      | Reached skill level 1 in Air Magic
   908 | D:2      | Reached skill level 1 in Earth Magic
   908 | D:2      | Reached skill level 1 in Poison Magic
  1012 | D:2      | Noticed Natasha
  1031 | D:2      | HP: 1/41 [Natasha/magic dart (7)]
  1031 | D:2      | Killed from afar by a white imp

Illustrated notes

Levels and vault maps discovered:
D:1:      scummos_arrival_simple_crosswalls, layout_rooms
D:2:      layout_basic, uniq_natasha

Skill      XL: |  1  2  3  4 |
---------------+-------------+-----
Short Blades   | 1 |  1.2
Long Blades    | 1 |  1.2
Axes           | 1 |  1.2
Polearms       | 1 |  1.2
Staves         | 1 |  1.2
Ranged Weapons | 1 |  1.2
Throwing       | 1 |  1.2
Dodging        | 1 |  1.2
Stealth        | 1 |  1.2
Unarmed Combat | 1 |  1.2
Spellcasting   | 1 |  1.2
Invocations    | 1 |  1.3
Evocations     | 1 |  1.2
Conjurations   | 1 |  1.0
Hexes          | 1 |  1.0
Summonings     | 1 |  1.0
Necromancy     | 1 |  1.0
Translocations | 1 |  1.0
Transmutations | 1 |  1.0
Fire Magic     | 1 |  1.0
Ice Magic      | 1 |  1.0
Air Magic      | 1 |  1.0
Earth Magic    | 1 |  1.0
Poison Magic   | 1 |  1.0
Fighting       | |  6.6
Maces & Flails | |  4.7
Armour         | |  6.6
Shields        | |  6.6

Action                     |  1- 3 |  4- 6 || total
---------------------------+-------+-------++-------
  Melee: Flail             |    92 |    35 ||   127
         Bite              |     8 |     7 ||    15
    Use: Potion            |       |     5 ||     5
 Armour: Scale mail        |    55 |    11 ||    66
  Dodge: Dodged            |    52 |    18 ||    70
  Block: Buckler           |    34 |    11 ||    45

Table legend: (Time is in decaauts)
 A = Elapsed time spent in this place.
 B = Non-inter-level travel time spent in this place.
 C = Inter-level travel time spent in this place.
 D = Time resting spent in this place.
 E = Time spent auto-exploring this place.
 F = Levels seen in this place.
 G = Mean time per level.
                   A        B        C        D        E       F      G
               +--------+--------+--------+--------+--------+-----+--------+
         Total |   1057 |   1038 |     19 |    120 |    668 |   2 |  528.5 |
       Dungeon |   1057 |   1038 |     19 |    120 |    668 |   2 |  528.5 |
               +--------+--------+--------+--------+--------+-----+--------+

Top non-repeatable levels by time:
     D:1: 768 daAuts
     D:2: 289 daAuts
